 Dungeon Crawl Stone Soup version 0.20-a0-504-g2c65edc (webtiles) character file.

798 Kaname the Tainter (level 7, -15/46 HPs)
             Began as a Demonspawn Venom Mage on Jan 21, 2017.
             Demolished by a two-headed ogre
             ... wielding a +0 giant club
              (19 damage)
             ... on level 4 of the Dungeon.
             The game lasted 00:21:50 (6771 turns).

Kaname the Tainter (Demonspawn Venom Mage)          Turns: 6771, Time: 00:21:51

Health: -15/46     AC:  2    Str:  9    XL:     7   Next: 58%
Magic:  4/10       EV: 12    Int: 18    God:
Gold:   188        SH:  0    Dex: 13    Spells: 2/10 levels left

rFire    . . .     SeeInvis .   p - +2 dagger (venom)
rCold    . . .     Gourm    +   a - +0 robe
rNeg     . . .     Faith    .   (no shield)
rPois    .         Spirit   .   (no helmet)
rElec    .         Reflect  .   (no cloak)
rCorr    .         Harm     .   (no gloves)
MR       .....                  (no boots)
Stlth    +.........             d - amulet of the gourmand
Regen    0.2/turn               (no ring)
                                (no ring)

@: confused
A: talons 1, demonic guardian 1, rot immunity
a: no special abilities


You were on level 4 of the Dungeon.
You were not hungry.

You visited 1 branch of the dungeon, and saw 5 of its levels.

You collected 188 gold pieces.

Inventory:

Hand Weapons
 p - a +2 dagger of venom (weapon)
Missiles
 v - 3 silver javelins (quivered)
Armour
 a - a +0 robe (worn)
 t - a cursed +0 plate armour
Jewellery
 d - an amulet of the gourmand (around neck)
Wands
 k - a wand of polymorph (0/24)
Scrolls
 e - 5 scrolls of magic mapping
 q - a scroll of enchant weapon {unknown}
 s - 2 scrolls of teleportation
 u - a scroll of remove curse
Potions
 h - 3 potions of cure mutation
 i - 2 potions of resistance
 j - 3 potions of agility
 l - a potion of might {unknown}
 m - a potion of brilliance
 n - 2 potions of flight
 r - a potion of mutation {unknown}
 w - a potion of cancellation
Books
 b - a Young Poisoner's Handbook

   Spells                             Type                      Level
   a - Sting                          Conjuration/Poison           1
   b - Poisonous Vapours              Poison/Air                   2
   c - Mephitic Cloud                 Conjuration/Poison/Air       3
   d - Olgreb's Toxic Radiance        Poison                       4
   e - Venom Bolt                     Conjuration/Poison           5
Comestibles
 c - 2 bread rations
 f - 2 meat rations
 g - 2 royal jellies
 o - 6 fruits


   Skills:
 - Level 1.7 Dodging
 - Level 1.7 Stealth
 - Level 2.0 Spellcasting
 - Level 2.0 Conjurations
 + Level 8.9 Poison Magic


You had 2 spell levels left.
You knew the following spells:

 Your Spells              Type           Power        Failure   Level  Hunger
a - Sting                 Conj/Pois      ###.         1%          1    #......
b - Mephitic Cloud        Conj/Pois/Air  ##......     14%         3    ###....
c - Olgreb's Toxic Radia  Pois           ####....     6%          4    #####..


Dungeon Overview and Level Annotations

Branches:
Dungeon (5/15)
 Temple: D:4-7

Altars:
Dithmenos
Trog


Innate Abilities, Weirdness & Mutations

You have sharp toenails.
A weak demonic guardian rushes to your aid.
You are immune to rotting.


Message History

The stinking cloud engulfs the two-headed ogre.
The two-headed ogre is engulfed in noxious fumes.
Casting: Mephitic Cloud
Confirm with . or Enter, or press ? or * to list all spells.
Aiming: Mephitic Cloud
Press: ? - help, Shift-Dir - straight line, f/p - two-headed ogre
Aim: a two-headed ogre, wielding two giant clubs (lightly wounded) That beam is likely to hit you.
Continue anyway?
The ball explodes into a vile cloud!
The stinking cloud engulfs the two-headed ogre.
The two-headed ogre is lightly wounded.
The stinking cloud engulfs you!
You are engulfed in noxious fumes.
You choke on the stench!
You are confused.
The two-headed ogre is engulfed in noxious fumes.
The two-headed ogre hits you with a giant club!!
Ouch! That really hurt!
* * * LOW HITPOINT WARNING * * *
The two-headed ogre hits you with a giant club!!
You die...

#.#.#.#.#.#...........##......
####.#.#.#.#.............##......
.....#.#.#.#.............##......
######.#.#.#..............#......
#.#.#.##..#.########.#......
#.#.#.###.#.# #.#...... #.(.#.#
#.#.# #.###.### #####.# #...# #.#
#.# #.# ##.@# #.# #.# #.# #§O#
#.# #.# #.# #§§# #.# #.# #.# ##.#
#.# #[# #.# #.# #.# #.# #.#######
#.# #.# #.##._.# #.# #.# #.##...#
#.###.# #.##...# #.....#


You could see a two-headed ogre.

Vanquished Creatures
  A steam dragon (D:4)
  Eustachio (D:4)
  An ogre (D:4)
  A bullfrog zombie (D:4)
  A hound (D:4)
  An orc priest (D:3)
  3 orc wizards
  Terence (D:2)
  A worker ant (D:4)
  A gnoll (D:4)
  4 adders
  A shadow imp (D:4)
  An ooze (D:1)
  An adder skeleton (D:4)
  3 worms
  A dart slug (D:3)
  3 leopard geckos
  9 orcs
  7 bats
  7 giant cockroaches
  12 goblins
  7 hobgoblins
  9 jackals
  2 quokkas (D:2)
  A ball python (D:4)
  9 frilled lizards
  5 kobolds
  9 rats
103 creatures vanquished.

Vanquished Creatures (collateral kills)
  A phantom (D:4)
  A crocodile (D:4)
  An orc wizard (D:3)
  2 orcs
5 creatures vanquished.

Grand Total: 108 creatures vanquished

Notes
Turn   | Place    | Note
-------+----------+-------------------------------------------
     0 | D:1      | Kaname the Demonspawn Venom Mage began the quest for the Orb.
     0 | D:1      | Reached XP level 1. HP: 13/13 MP: 3/3
   434 | D:1      | Gained mutation: A weak demonic guardian rushes to your aid. [demonic ancestry]
   434 | D:1      | Reached XP level 2. HP: 15/19 MP: 5/5
  1338 | D:2      | Reached XP level 3. HP: 4/24 MP: 2/6
  2024 | D:2      | Reached skill level 4 in Poison Magic
  2029 | D:2      | Learned a level 3 spell: Mephitic Cloud
  2479 | D:2      | Noticed Terence
  2508 | D:2      | Killed Terence
  2508 | D:2      | Gained mutation: You are immune to rotting. [demonic ancestry]
  2508 | D:2      | Reached XP level 4. HP: 15/30 MP: 0/7
  3461 | D:3      | Reached skill level 5 in Poison Magic
  3834 | D:3      | Reached XP level 5. HP: 31/35 MP: 4/8
  4217 | D:3      | Learned a level 4 spell: Olgreb's Toxic Radiance
  4274 | D:3      | Reached skill level 6 in Poison Magic
  4427 | D:3      | Found a bloodstained altar of Trog.
  4675 | D:4      | Gained mutation: You have sharp toenails. [demonic ancestry]
  4675 | D:4      | Reached XP level 6. HP: 28/41 MP: 2/9
  4722 | D:4      | Reached skill level 7 in Poison Magic
  4929 | D:4      | Noticed Eustachio
  4943 | D:4      | Killed Eustachio
  5012 | D:4      | Reached XP level 7. HP: 46/46 MP: 3/10
  5187 | D:4      | Reached skill level 8 in Poison Magic
  5874 | D:4      | Noticed a steam dragon
  5874 | D:4      | an ice beast changed into a steam dragon
  5890 | D:4      | Killed a steam dragon
  6293 | D:4      | Found a shadowy altar of Dithmenos.
  6765 | D:5      | Entered Level 5 of the Dungeon
  6765 | D:5      | Noticed a two-headed ogre
  6771 | D:4      | Demolished by a two-headed ogre

Vault maps used:
D:1:      saegor_arrival_simple_c, st_stairs_3
D:2:      uniq_terence
D:3:      nicolae_overflow_crystal_walls
D:4:      grunt_dithmenos_shadows, first_bread, hangedman_decor_slide_cut,
          uniq_eustachio
D:5:      portal_sewer_entry_b

Skill      XL: |  1  2  3  4  5  6  7 |
---------------+----------------------+-----
Conjurations   | 2 |  2.0
Poison Magic   | 4 5 6 7 8 |  8.9
Dodging        | |  1.7
Stealth        | |  1.7
Spellcasting   | |  2.0

Action                   |  1- 3 |  4- 6 |  7- 9 || total
-------------------------+-------+-------+-------++-------
Melee: Unarmed           |    18 |       |       ||    18
       Hand axe          |   127 |    12 |       ||   139
       Short sword       |       |    75 |       ||    75
       Dagger            |       |    32 |    74 ||   106
       Kick              |       |       |    19 ||    19
Throw: Javelin           |       |       |     4 ||     4
 Cast: Sting             |    32 |    72 |     9 ||   113
       Mephitic Cloud    |       |     3 |     5 ||     8
       Olgreb's Toxic Ra |       |     2 |       ||     2
Evoke: Wand              |     1 |       |     4 ||     5
  Use: Scroll            |     5 |     3 |     2 ||    10
       Potion            |       |     2 |     1 ||     3
 Stab: Sleeping          |     4 |     3 |       ||     7
       Confused          |       |       |     1 ||     1
  Eat: Chunk             |    19 |     8 |     4 ||    31
Armor: Robe              |    35 |    24 |     5 ||    64
       Skin              |       |     3 |       ||     3
Dodge: Dodged            |   109 |   115 |    35 ||   259
